 Seeded DCSS version 0.26.1-2-gb8aa6d0cf2 (webtiles) character file.

Game seed: 11078492930485343510 (custom seed)

497 rocky1 the Shield-Bearer (level 6, -4/51 HPs)
             Began as a Minotaur Fighter on Mar 18, 2021.
             Killed from afar by Blork the orc (6 damage)
             ... with a magic dart
             ... on level 4 of the Dungeon.
             The game lasted 00:05:36 (3078 turns).

rocky1 the Shield-Bearer (Minotaur Fighter)         Turns: 3078, Time: 00:05:37

Health: -4/51      AC:  6    Str: 21    XL:     6   Next: 93%
Magic:  5/5        EV:  8    Int:  5    God:
Gold:   262        SH: 10    Dex: 11    Spells: 5/5 levels left

rFire    + . .     SeeInvis .   a - +0 war axe
rCold    . . .     Faith    .   c - +0 kite shield
rNeg     . . .     Spirit   .   b - +0 scale mail
rPois    .         Reflect  .   (helmet restricted)
rElec    .         Harm     .   (no cloak)
rCorr    .         Rampage  .   (no gloves)
Will     .....                  (no boots)
Stlth    ..........             (no amulet)
HPRegen  0.17/turn              f - ring of protection from fire
MPRegen  0.09/turn              (no ring)

@: mighty
A: retaliatory headbutt, horns 2
a: no special abilities


You were on level 4 of the Dungeon.
You visited 2 branches of the dungeon, and saw 5 of its levels.

You collected 262 gold pieces.

Inventory:

Hand Weapons
 a - a +0 war axe (weapon)
Missiles
 s - 4 atropa-tipped darts (quivered)
Armour
 b - a +0 scale mail (worn)
 c - a +0 kite shield (worn)
Jewellery
 f - a ring of protection from fire (left hand)
Scrolls
 e - 2 scrolls of noise {unknown}
 g - a scroll of remove curse {unknown}
 h - a scroll of random uselessness {unknown}
 k - 2 scrolls of fog {unknown}
 o - 2 scrolls of identify {unknown}
 p - a scroll of enchant armour {unknown}
 q - a scroll of blinking {unknown}
Potions
 d - a potion of might
 i - 2 potions of experience {unknown}
 j - a potion of magic {unknown}
 l - a potion of curing {unknown}
 m - 3 potions of mutation {unknown}
 n - a potion of resistance {unknown}
 r - a potion of cancellation {unknown}


   Skills:
 - Level 3.6 Fighting
 + Level 6.6 Axes
 - Level 3.6 Armour
 + Level 7.1 Shields


You had 5 spell levels left.
You didn't know any spells.
Your spell library was empty.

Dungeon Overview and Level Annotations

Branches:
Dungeon (4/15)             Temple (1/1) D:4

Altars:
Cheibriados
Dithmenos
Gozag
Hepliaklqana
Kikubaaqudgha
Nemelex Xobeh
Qazlal
Ru
Sif Muna
Trog
Uskayaw
Wu Jian
Yredelemnul
The Shining One

Annotations:
D:4 Blork the orc, Eustachio


Innate Abilities, Weirdness & Mutations

You reflexively headbutt those who attack you in melee.
You have a pair of horns on your head.


Message History

Blork the orc points at you and mumbles some strange words.
The magic dart hits you.
* * * LOW HITPOINT WARNING * * *
You block Blork the orc's attack.
You slash Blork the orc! Your headbutt misses Blork the orc.
Blork the orc is almost dead.
You block Blork the orc's attack.
Eustachio mumbles some strange words.
You barely miss Blork the orc. Your headbutt misses Blork the orc.
Blork the orc is almost dead.
You block Blork the orc's attack.
Eustachio gestures wildly while chanting.
Eustachio blinks!
Blork the orc gestures at you while chanting.
You block the puff of flame.
You closely miss Blork the orc.
Blork the orc is almost dead.
Blork the orc casts a spell at you. The magic dart hits you.
You die...

..............+
............g.#
.......go...#
..........# #b........#
#g@#####..# #b##PPP##.#
#o#P...P#.# #@#P.>.P#.#
#.#P...P#.# #.##P.P##.#
#####..##'##..###+####
#......................
#...............<......
#......................
#......................
#......................


You could see Eustachio, Blork the orc (fast), a gnoll and 2 bats.

Vanquished Creatures
  Sigmund (D:2)
  A bullfrog (D:3)
  A bullfrog skeleton (D:2)
  A gnoll shaman (D:4)
  Robin (D:2)
  6 adders
  3 gnolls
  2 oozes (D:1)
  4 worms
  A dart slug (D:2)
  2 leopard geckos
  An orc (D:3)
  11 bats
  4 giant cockroaches
  19 goblins
  9 hobgoblins
  7 kobolds
  2 quokkas
  2 ball pythons (D:2)
  2 frilled lizards
  A jackal zombie (D:3)
  10 rats
91 creatures vanquished.

Vanquished Creatures (others)
  5 plants (D:3)
5 creatures vanquished.

Grand Total: 96 creatures vanquished

Notes
Turn   | Place    | Note
-------+----------+-------------------------------------------
     0 | D:1      | rocky1 the Minotaur Fighter began the quest for the Orb.
     0 | D:1      | Reached XP level 1. HP: 19/19 MP: 0/0
    36 | D:1      | Reached skill level 4 in Shields
    36 | D:1      | Reached XP level 2. HP: 15/26 MP: 1/1
   339 | D:1      | Reached XP level 3. HP: 31/31 MP: 2/2
   850 | D:2      | Found a shadowy altar of Dithmenos.
  1004 | D:2      | Noticed Robin
  1018 | D:2      | Killed Robin
  1019 | D:2      | Reached XP level 4. HP: 8/39 MP: 3/3
  1020 | D:2      | Reached skill level 5 in Shields
  1473 | D:2      | Noticed Sigmund
  1488 | D:2      | Killed Sigmund
  1489 | D:2      | Reached skill level 5 in Axes
  1489 | D:2      | Reached skill level 6 in Shields
  1489 | D:2      | Reached XP level 5. HP: 24/45 MP: 4/4
  1489 | D:2      | Reached XP level 6. HP: 27/51 MP: 5/5
  2400 | D:3      | Found a sacrificial altar of Ru.
  2420 | D:3      | Found a transporter.
  2446 | D:3      | Found a transporter.
  2646 | D:3      | Found a faded altar of an unknown god.
  2817 | D:4      | Reached skill level 7 in Shields
  2824 | D:4      | Found a staircase to the Ecumenical Temple.
  2831 | Temple   | Entered the Ecumenical Temple
  3043 | D:4      | Noticed Blork the orc
  3056 | D:4      | Noticed Eustachio
  3075 | D:4      | HP: 1/51 [Blork the orc/magic dart (6)]
  3078 | D:4      | Killed from afar by Blork the orc

Illustrated notes

Levels and vault maps discovered:
D:1:      wheals_arrival_linesprint, layout_basic
D:2:      layout_loops_ring, lemuel_round_altar, uniq_robin, uniq_sigmund
D:3:      layout_rooms, gammafunk_temple_overflow_arena,
          chequers_ecumenical_altar_lobes
D:4:      cheibrodos_barr_body, layout_gridville,
          minmay_temple_entry_enclosed_plants, serial_shops, shop,
          uniq_blork_the_orc, uniq_duvessa, uniq_eustachio
Temple:   hc_temple_tempest_star

Skill      XL: |  1  2  3  4  5  6 |
---------------+-------------------+-----
Axes           | 3 4 5 6 |  6.6
Shields        | 4 6 7 |  7.1
Fighting       | |  3.6
Armour         | |  3.6

Action                   |  1- 3 |  4- 6 || total
-------------------------+-------+-------++-------
Melee: War axe           |    58 |   164 ||   222
       Headbutt          |     5 |    23 ||    28
  Use: Potion            |       |     1 ||     1
Armor: Scale mail        |    38 |    47 ||    85
Dodge: Dodged            |    22 |    26 ||    48
Block: Kite shield       |    47 |   100 ||   147
